[Event "*** Titled Tuesday 3|2 Blitz"]
[Site "Chess.com"]
[Date "2017.05.02"]
[Round "1"]
[White "Yaacovn"]
[Black "supertfc"]
[Result "1/2-1/2"]
[WhiteElo "2568"]
[BlackElo "2322"]
[TimeControl "180+2"]
[EndTime "13:12:21 PDT"]
[Termination "Game drawn - insufficient material"]

1. d4 Nf6 2. Nf3 e6 3. c4 d5 4.
Bg5 Be7 5. e3 O-O 6. Nc3 h6 7.
Bh4 Ne4 8. Bxe7 Qxe7 9. Rc1 Nxc3 10.
Rxc3 c6 11. Qb3 Nd7 12. Qa3 Qxa3 13. Rxa3 Re8 14. Be2 dxc4 15. Bxc4 e5 16. O-O exd4 17. Nxd4 Nb6 18. Be2 Bd7 19. Ra5 a6 20. Rc5 Rad8 21.
h3 Bc8 22. Bf3 Nd7 23. Rc2 Ne5 24. Be2 Ng6 25. Rfc1 Ne7 26. Bf3 Nf5 27. Nb3 Nd6 28.
Nc5 g6 29. Rd2 Nb5 30. Rcd1 Rxd2 31. Rxd2 Nc7 32. b4 Ne6 33. Ne4 Rd8 34. Rxd8+ Nxd8 35. Nd6 Bd7 36. a3 Kf8 37. Kf1 Ke7 38. Ne4 Ne6 39.
Ke1 b6 40. Kd2 f5 41. Nc3 Kd6 42. h4 g5 43. hxg5 hxg5 44. g4 fxg4 45. Bxg4 Ke5 46.
Na4 b5 47. Bxe6 Bxe6 48. Nc5 Bc8 49. f3 Kd5 50. Kd3 a5 51. e4+ Kd6 52. Kd4 axb4 53. axb4 g4 54. e5+ Kc7 55. f4 Bf5 56. Ke3 Kd8 57.
Kf2 Ke7 58. Kg3 Kf7 59. Kh4 Bc8 60. Ne4 Kg6 61. Nd6 Bd7 62. Kg3 c5 63. bxc5 b4 64. Nc4 b3 65. Nb2 Bb5 66. Nd1 Kf5 67. Nb2 Ke6 68.
Kxg4 Kd5 69. Kf5 Kxc5 70. e6 Kd4 71. Kf6 Kc3 72. Nd1+ Kd2 73. Nb2 Kc2 74. Ke5 Kxb2 75. f5 Kc3 76. f6 Be8 77. f7 Bxf7 78. exf7 b2 79. f8=Q b1=Q 80. Qc5+ Kb2 81. Qb4+ Ka1 82. Qa3+ Qa2 83. Qxa2+ Kxa2 1/2-1/2

[Event "*** Titled Tuesday 3|2 Blitz"]
[Site "Chess.com"]
[Date "2017.05.02"]
[Round "1"]
[White "PowerThinking2650"]
[Black "162a54f5d"]
[Result "1/2-1/2"]
[WhiteElo "2192"]
[BlackElo "2480"]
[TimeControl "180+2"]
[EndTime "13:12:22 PDT"]
[Termination "Game drawn by stalemate"]

1. e4 e5 2. Nf3 Nc6 3. Nc3 Nf6 4.
d4 exd4 5. Nxd4 Bb4 6. Nxc6 bxc6 7. Bd3 d5 8. exd5 cxd5 9. O-O O-O 10. Bg5 c6 11. Qf3 Bd6 12. Bxf6 Qxf6 13. Qxf6 gxf6 14.
Ne2 Rb8 15. b3 Re8 16. Ng3 Re5 17. f4 Re3 18. Nf5 Rxd3 19. Nxd6 Rd2 20. Nxc8 Rxc8 21. Rf2 Rd4 22. Re1 Kf8 23. g3 a5 24. Rfe2 a4 25.
Re7 axb3 26. axb3 Rd2 27. R1e2 Rxe2 28. Rxe2 Ra8 29. Kf2 c5 30. Kf3 d4 31. Kg4 Rc8 32. Kf5 Rc6 33. Re4 Kg7 34. Re8 c4 35. bxc4 Rxc4 36. Re2 h5 37. Rd2 h4 38. gxh4 Ra4 39.
Rg2+ Kh7 40. Kxf6 d3 41. cxd3 Rxf4+ 42. Ke5 Rxh4 43. d4 Rh3 44. d5 Rd3 45. Kd6 f5 46. Ke6 f4 47. d6 f3 48. Rf2 Kg6 49. d7 Re3+ 50. Kd6 Rd3+ 51. Ke7 Re3+ 52. Kd8 Kg5 53. Rf1 Rd3 54. Rc1 f2 55. Rf1 Rd2 56. Ke7 Re2+ 57.
Kd8 Rd2 58. Kc7 Rc2+ 59. Kb7 Rb2+ 60. Kc6 Rc2+ 61. Kd6 Rd2+ 62. Ke7 Re2+ 63. Kf7 Rd2 64. Ke8 Re2+ 65. Kd8 Kg4 66. Rc1 Re1 67. Rc4+ Kg5 68. Rc5+ Kg6 69. Rc6+ Kf7 70. Kc8 f1=Q 71. d8=Q Re8 72.
Rc7+ Kf8 73. Qxe8+ Kxe8 74. Kb7 Qg2+ 75. Kb6 Qb2+ 76.
Kc6 Qxh2 77. Kb6 Kd8 78. Rc6 Qb2+ 79. Kc5 Qb3 80. Rd6+ Kc7 81. Rc6+ Kb7 82. Rd6 Qc3+ 83. Kd5 Kc7 84. Re6 Qb3+ 85. Ke5 Kd7 86. Rd6+ Kc7 87. Rd5 Qe3+ 88. Kf5 Kc6 89. Re5 Qf3+ 90. Ke6 Qf8 91. Re4 Qe8+ 92. Kf5 Qf7+ 93. Ke5 Qg7+ 94. Kf5 Kd5 95.
Rf4 Qf7+ 96. Kg4 Qg6+ 97. Kf3 Qg5 98. Rg4 Qf5+ 99. Rf4 Qh3+ 100. Kf2 Ke5 101. Rf3 Qh2+ 102. Ke3 Qc2 103. Rf2 Qc3+ 104. Ke2 Ke4 105. Kf1 Qc1+ 106. Kg2 Qg5+ 107. Kf1 Qg3 108. Re2+ Kf3 109. Re3+ Kxe3 1/2-1/2

[Event "*** Titled Tuesday 3|2 Blitz"]
[Site "Chess.com"]
[Date "2017.05.02"]
[Round "2"]
[White "Kozok"]
[Black "Alexander_Moskalenko"]
[Result "0-1"]
[WhiteElo "2226"]
[BlackElo "2667"]
[TimeControl "180+2"]
[EndTime "13:15:39 PDT"]
[Termination "Alexander_Moskalenko won by resignation"]

1. e4 c5 2. Nf3 d6 3. d4 cxd4 4.
Nxd4 Nf6 5. Nc3 a6 6. Be3 Ng4 7. Bc1 Nf6 8. Be3 e6 9. Qd2 b5 10. f3 Nbd7 11. O-O-O Bb7 12. g4 h6 13. Qf2 Rc8 14. Nce2 d5 15. Nf4 dxe4 16. Ndxe6 fxe6 17. Nxe6 Qa5 18. Kb1 Bd5 19. Rxd5 Nxd5 20. fxe4 Nxe3 21.
Qxe3 Qb6 22. Nd4 Bc5 23. c3 O-O 24. Bg2 Ne5 25. h3 Nc4 26. Qg3 Bxd4 27. cxd4 Qxd4 0-1

[Event "*** Titled Tuesday 3|2 Blitz"]
[Site "Chess.com"]
[Date "2017.05.02"]
[Round "2"]
[White "cailinchetty"]
[Black "Ez_Chess2016"]
[Result "0-1"]
[WhiteElo "1923"]
[BlackElo "1982"]
[TimeControl "180+2"]
[EndTime "13:16:42 PDT"]
[Termination "Ez_Chess2016 won by resignation"]

1. e4 c5 2. Nf3 Nc6 3. d4 cxd4 4. Nxd4 e5 5. Nb5 d6 6. c4 Be7 7. N1c3 a6 8. Na3 Nf6 9. Bg5 O-O 10. Bxf6 Bxf6 11.
Nd5 Bg5 12. Bd3 Be6 13. h4 Bh6 14. g4 Bf4 15. Nxf4 exf4 16. Nc2 Qb6 17. b3 Ne5 18. Be2 Rfe8 19. Nd4 Bxg4 20. Bxg4 Nxg4 21. Rg1 Rxe4+ 22. Kf1 Nxf2 23. Qf3 Qxd4 0-1

[Event "*** Titled Tuesday 3|2 Blitz"]
[Site "Chess.com"]
[Date "2017.05.02"]
[Round "2"]
[White "Gabix_94"]
[Black "ehrenfeld"]
[Result "1-0"]
[WhiteElo "2456"]
[BlackElo "2402"]
[TimeControl "180+2"]
[EndTime "13:16:49 PDT"]
[Termination "Gabix_94 won by resignation"]

1. e4 d6 2. d4 g6 3. Nf3 Nf6 4.
Nc3 Bg7 5. Be2 O-O 6. O-O a6 7.
Re1 b5 8. e5 dxe5 9. Nxe5 Bb7 10. Bf3 Qc8 11. Bg5 Rd8 12. Qe2 Re8 13. Rad1 e6 14.
Bxb7 Qxb7 15. Bxf6 Bxf6 16. Ne4 Bg7 17. Qf3 c5 18.
Nf6+ 1-0

[Event "*** Titled Tuesday 3|2 Blitz"]
[Site "Chess.com"]
[Date "2017.05.02"]
[Round "2"]
[White "Konavets"]
[Black "grzechu96"]
[Result "1-0"]
[WhiteElo "2678"]
[BlackElo "2363"]
[TimeControl "180+2"]
[EndTime "13:17:00 PDT"]
[Termination "Konavets won by resignation"]

1. e4 c5 2. Nf3 d6 3. d4 cxd4 4.
Nxd4 Nf6 5. Nc3 a6 6. Bg5 Nbd7 7. f4 Qc7 8. Qf3 b5 9. O-O-O Bb7 10. h4 b4 11. Nd5 Nxd5 12. exd5 Nb6 13. Nf5 Rc8 14. Bd3 Bxd5 15. Qe3 e6 16. Rhe1 Nc4 17. Qd4 Qc5 18. Nxg7+ Kd7 19. Qf6 Bxg7 20. Qxg7 Kc6 21. b3 Ne3 22. Rxe3 Qxe3+ 23. Kb1 Rc7 24. Qxh8 Kb7 25. f5 e5 26. Bxe3 1-0

[Event "*** Titled Tuesday 3|2 Blitz"]
[Site "Chess.com"]
[Date "2017.05.02"]
[Round "2"]
[White "SidArun"]
[Black "Vrolijk"]
[Result "0-1"]
[WhiteElo "2062"]
[BlackElo "2315"]
[TimeControl "180+2"]
[EndTime "13:17:30 PDT"]
[Termination "Vrolijk won by resignation"]

1. e4 e5 2. f4 exf4 3. Nf3 Ne7 4.
d4 d5 5. e5 Ng6 6. Bd3 Nc6 7.
c3 Bg4 8. O-O Qd7 9. b4 Nh4 10.
Be2 Nxf3+ 11. Bxf3 Bxf3 12. Qxf3 g5 13. Qh5 h6 14. h4 O-O-O 15. hxg5 Bg7 16. g6 fxg6 17. Qxg6 Rhg8 18. Qd3 f3 19. Rxf3 Bxe5 20. Bf4 Qg4 21. g3 Bxf4 0-1

[Event "*** Titled Tuesday 3|2 Blitz"]
[Site "Chess.com"]
[Date "2017.05.02"]
[Round "2"]
[White "gmjoey1"]
[Black "iturrizaga"]
[Result "0-1"]
[WhiteElo "2502"]
[BlackElo "2668"]
[TimeControl "180+2"]
[EndTime "13:18:02 PDT"]
[Termination "iturrizaga won by resignation"]

1. e4 c5 2. c3 Nf6 3. e5 Nd5 4.
d4 cxd4 5. cxd4 g6 6. Bc4 Nb6 7. Bb3 Bg7 8. h4 h5 9. Nf3 d5 10. Ng5 Nc6 11. Nc3 Bf5 12. a3 Rc8 13. Ba2 e6 14. f3 f6 15. g4 hxg4 16. fxg4 fxg5 17. gxf5 gxf5 18. h5 Bh6 19. Be3 a6 20. Qd3 Na5 21.
O-O Nac4 22. Bc1 g4 23. Ne2 Bxc1 24. Raxc1 Rxh5 25. Nf4 Rh6 26. Qg3 Nd2 27. Rxc8 Qxc8 28.
Re1 Nf3+ 29. Kf2 Nxe1 30. Kxe1 Qc1+ 31. Ke2 0-1

[Event "*** Titled Tuesday 3|2 Blitz"]
[Site "Chess.com"]
[Date "2017.05.02"]
[Round "2"]
[White "Schemato"]
[Black "GameOverBro"]
[Result "1-0"]
[WhiteElo "2309"]
[BlackElo "2304"]
[TimeControl "180+2"]
[EndTime "13:18:03 PDT"]
[Termination "Schemato won by resignation"]

1. c4 Nf6 2. Nc3 d6 3. g3 Nbd7 4. Bg2 e5 5. e4 Be7 6. Nge2 Nc5 7. d3 a5 8. b3 O-O 9. O-O Nh5 10. Be3 Bg5 11.
f4 exf4 12. gxf4 Bh6 13. Qd2 Bg4 14. d4 Bxe2 15. Qxe2 Ne6 16. Qxh5 Qf6 17. Nd5 1-0

[Event "*** Titled Tuesday 3|2 Blitz"]
[Site "Chess.com"]
[Date "2017.05.02"]
[Round "2"]
[White "ZEN-22"]
[Black "hypert"]
[Result "0-1"]
[WhiteElo "2387"]
[BlackElo "2280"]
[TimeControl "180+2"]
[EndTime "13:18:08 PDT"]
[Termination "hypert won by resignation"]

1. e3 d5 2. d4 e6 3. c4 c6 4. Nc3 Bd6 5. f4 Nd7 6. Nf3 f5 7. g4 fxg4 8. Ne5 Bxe5 9. dxe5 Qh4+ 10. Ke2 Nh6 11. Bd2 O-O 12. Be1 Qh5 13. Kd2 Nc5 14. b4 Ne4+ 15. Nxe4 dxe4 16. Kc2 c5 17. b5 Qf7 18. Bg2 a6 19. Bxe4 axb5 20. cxb5 Bd7 21. a4 Rad8 22. Qc1 b6 23. Kb2 Nf5 24. Rg1 Qh5 25. Rg2 Be8 26. Bg3 Bg6 27. a5 bxa5 28.
Rxa5 Nxg3 29. Bxg6 Qxg6 30. hxg3 Qe4 0-1

[Event "*** Titled Tuesday 3|2 Blitz"]
[Site "Chess.com"]
[Date "2017.05.02"]
[Round "2"]
[White "GMBenjaminBok"]
[Black "TheNextLevelFan"]
[Result "1-0"]
[WhiteElo "2654"]
[BlackElo "2390"]
[TimeControl "180+2"]
[EndTime "13:18:09 PDT"]
[Termination "GMBenjaminBok won by resignation"]

1. Nf3 Nf6 2. g3 d5 3. Bg2 e6 4. O-O Be7 5. c4 O-O 6. b3 c5 7. Bb2 d4 8. e3 Nc6 9. exd4 cxd4 10. d3 a5 11. Re1 Qb6 12. Na3 Rd8 13. Nb5 Bc5 14.
a3 Bd7 15. Bc1 Ne7 16. a4 Bc6 17. Bg5 h6 18. Bxf6 gxf6 19. Nh4 Kg7 20. Qg4+ Kh7 21. Qh5 Rf8 22. Re2 Ng6 23. Rxe6 Nxh4 24. Rxf6 Ng6 25. Be4 Bxe4 26. Rxb6 Bxb6 27. dxe4 Rad8 28. Rd1 d3 29. c5 1-0

[Event "*** Titled Tuesday 3|2 Blitz"]
[Site "Chess.com"]
[Date "2017.05.02"]
[Round "2"]
[White "Blitzstream"]
[Black "Yaacovn"]
[Result "1-0"]
[WhiteElo "2453"]
[BlackElo "2557"]
[TimeControl "180+2"]
[EndTime "13:18:10 PDT"]
[Termination "Blitzstream won by resignation"]

1. g3 c6 2. Bg2 d5 3. b3 Nf6 4.
Bb2 g6 5. d3 Bg7 6. Nd2 O-O 7.
e3 Bg4 8. Ne2 Nbd7 9. h3 Bxe2 10.
Qxe2 Ne8 11. Bxg7 Nxg7 12. O-O e5 13. d4 exd4 14. exd4 Ne6 15. c3 Re8 16. Qd3 Nf6 17.
Rfe1 Qa5 18. a4 Re7 19. Re3 Rae8 20. b4 Qc7 21. Rae1 Ng7 22. Rxe7 Rxe7 23. Rxe7 Qxe7 24. Qe3 Qxe3 25. fxe3 Nf5 26. Kf2 Nd6 27. Ke2 h5 28. Kd3 Nf5 29. Nf1 Nd6 30. Nd2 Kg7 31. c4 dxc4+ 32.
Nxc4 Nxc4 33. Kxc4 Kf8 34. b5 cxb5+ 35. Kxb5 Ne8 36.
Bxb7 Nd6+ 37. Ka6 Nf5 38. Kxa7 Nxe3 39. a5 Ke7 40. a6 Kd6 41. Kb8 1-0

[Event "*** Titled Tuesday 3|2 Blitz"]
[Site "Chess.com"]
[Date "2017.05.02"]
[Round "2"]
[White "rubhani"]
[Black "olgerts_indricans"]
[Result "1-0"]
[WhiteElo "2396"]
[BlackElo "2261"]
[TimeControl "180+2"]
[EndTime "13:18:19 PDT"]
[Termination "rubhani won by resignation"]

1. Nf3 Nf6 2. Nc3 d5 3. d4 e6 4. Bg5 Be7 5. e3 h6 6. Bh4 c5 7. dxc5 Bxc5 8. Bd3 Nc6 9. O-O b6 10. e4 dxe4 11. Nxe4 Be7 12. Bb5 Bb7 13. Qe2 O-O 14.
Rad1 Nd5 15. Bxe7 Qxe7 16. c4 Nf4 17. Qe3 Ng6 18. Nd6 Rfd8 19. Nxb7 Qxb7 20. Qe4 Rac8 21. Nd4 Nge7 22. Nxc6 Nxc6 23. Bxc6 1-0

[Event "*** Titled Tuesday 3|2 Blitz"]
[Site "Chess.com"]
[Date "2017.05.02"]
[Round "2"]
[White "IIIlllII1llIl"]
[Black "Rating-Schmating"]
[Result "1-0"]
[WhiteElo "2552"]
[BlackElo "2210"]
[TimeControl "180+2"]
[EndTime "13:18:37 PDT"]
[Termination "IIIlllII1llIl won by resignation"]

1. e4 e6 2. d4 d5 3. Nd2 a6 4.
Ngf3 Nf6 5. Bd3 c5 6. exd5 Qxd5 7. dxc5 Bxc5 8. O-O Nc6 9. Qe2 O-O 10. Ne4 Nxe4 11. Bxe4 Qh5 12. Rd1 Ne5 13. Bf4 Nxf3+ 14. Bxf3 Qg6 15.
c3 f6 16. Qc4 Ba7 17. Bd6 Re8 18. Rd2 Bb8 19. Rad1 Bxd6 20. Rxd6 Rb8 21. Qc7 Ra8 22. Rd8 Bd7 23. R8xd7 Rac8 24. Qg3 Qh6 25. h4 Kh8 26.
Bxb7 Rb8 27. Qxb8 1-0

[Event "*** Titled Tuesday 3|2 Blitz"]
[Site "Chess.com"]
[Date "2017.05.02"]
[Round "2"]
[White "Marreuh"]
[Black "metalbattler"]
[Result "1-0"]
[WhiteElo "2128"]
[BlackElo "2023"]
[TimeControl "180+2"]
[EndTime "13:18:44 PDT"]
[Termination "Marreuh won by resignation"]

1. e4 e5 2. f4 exf4 3. Bc4 Be7 4.
d4 g5 5. h4 Nc6 6. Qh5 d5 7. Bxd5 Nh6 8. Qxh6 Nxd4 9. Qg7 Nxc2+ 10. Kd2 Rf8 11. Kxc2 c6 12. Bb3 Bf6 13. Qxh7 Qd4 14.
Nf3 Qf2+ 15. Bd2 Qxg2 16. hxg5 Bg7 17. Nc3 Qxf3 18. Qxg7 Be6 19. Bxe6 fxe6 20. Rh7 1-0

[Event "*** Titled Tuesday 3|2 Blitz"]
[Site "Chess.com"]
[Date "2017.05.02"]
[Round "2"]
[White "penguingm1"]
[Black "kleinebeer98"]
[Result "1-0"]
[WhiteElo "2579"]
[BlackElo "2443"]
[TimeControl "180+2"]
[EndTime "13:18:49 PDT"]
[Termination "penguingm1 won by resignation"]

1. d4 Nf6 2. c4 e6 3. Nc3 Bb4 4.
Qc2 O-O 5. Nf3 c5 6. dxc5 Nc6 7. Bg5 h6 8. Bh4 Bxc5 9. e3 b6 10. Rd1 Be7 11. a3 Bb7 12. Bd3 Rc8 13. O-O Nh5 14. Bxe7 Qxe7 15. Qe2 f5 16. Bb1 Nf6 17. Rd2 Na5 18. Ba2 Ba6 19. Rd4 d5 20. Ne5 Rfd8 21. Rfd1 dxc4 22. h3 Kh7 23. Qf3 Bb7 24. Qg3 g5 25. Rxd8 Rxd8 26. Rxd8 Qxd8 27. Nxc4 Nxc4 28. Bxc4 Qc8 29. Bb3 Kg6 30. Qe5 Kf7 31. Qxf5 Ke7 32.
Qe5 Qc5 33. Qxe6+ 1-0

[Event "*** Titled Tuesday 3|2 Blitz"]
[Site "Chess.com"]
[Date "2017.05.02"]
[Round "2"]
[White "Mbneu"]
[Black "Boryboy"]
[Result "0-1"]
[WhiteElo "2146"]
[BlackElo "2308"]
[TimeControl "180+2"]
[EndTime "13:18:54 PDT"]
[Termination "Boryboy won by resignation"]

1. d4 e6 2. c4 Nf6 3. Nc3 d5 4.
Nf3 Nbd7 5. g3 c6 6. Bg2 Bd6 7. O-O O-O 8. Bf4 Bxf4 9. gxf4 dxc4 10. e3 b5 11. Nd2 Qb6 12. Kh1 Bb7 13. Rg1 c5 14.
Nde4 Nxe4 15. Nxe4 cxd4 16. exd4 Kh8 17. Qh5 Bxe4 18.
Bxe4 g6 19. Qh4 Rad8 20. Rg3 Qxd4 21. Bf3 Qf6 22. Qh6 Qxb2 23. Rag1 Qg7 24. Qg5 a6 25. Rh3 Nf6 26. Bb7 Rd6 27. Qc5 Rfd8 28. Re3 Nd5 29. Re4 Qf6 30. Qc7 R6d7 31. Qc6 Nb4 32. Qb6 Rb8 33. Qc5 Nd3 0-1

[Event "*** Titled Tuesday 3|2 Blitz"]
[Site "Chess.com"]
[Date "2017.05.02"]
[Round "2"]
[White "IMVoja"]
[Black "pedromartinez91"]
[Result "1-0"]
[WhiteElo "2336"]
[BlackElo "2294"]
[TimeControl "180+2"]
[EndTime "13:19:03 PDT"]
[Termination "IMVoja won by resignation"]

1. Nf3 e6 2. d4 d5 3. c3 Nf6 4. Bg5 Be7 5. Nbd2 h6 6. Bh4 c5 7. e3 Nc6 8. Bd3 Qb6 9. Rb1 cxd4 10.
exd4 Qa5 11. a3 a6 12. O-O Qc7 13. Re1 b5 14. Bg3 Qd8 15. Ne5 Bb7 16. f4 O-O 17. Qf3 Nd7 18. Bc2 Rc8 19. Qd3 f5 20. Ng6 Rf6 21.
Nxe7+ Nxe7 22. Bh4 Rg6 23. Bd1 h5 24. Bxh5 Rh6 25.
Qf3 Qf8 26. Bg5 Rxh5 27. Qxh5 Nf6 28. Bxf6 Qxf6 29. Nf3 Ng6 30. g3 Nf8 31. Qg5 Qf7 32. Ne5 Qc7 33. Ng6 Nxg6 34. Qxg6 Qf7 35. Qxe6 Qxe6 36.
Rxe6 1-0

[Event "*** Titled Tuesday 3|2 Blitz"]
[Site "Chess.com"]
[Date "2017.05.02"]
[Round "2"]
[White "stefanodinn"]
[Black "AdrianaNikolova"]
[Result "1-0"]
[WhiteElo "2211"]
[BlackElo "2318"]
[TimeControl "180+2"]
[EndTime "13:19:10 PDT"]
[Termination "stefanodinn won by checkmate"]

1. e4 c5 2. Nc3 Nc6 3. Nge2 g6 4. g3 Bg7 5. Bg2 e6 6. O-O Nge7 7. d3 O-O 8. Be3 d6 9. Qd2 Bh8 10. d4 cxd4 11. Nxd4 Nxd4 12. Bxd4 e5 13. Be3 a5 14. Rad1 Ra6 15. Nb5 Bg4 16. f3 Be6 17. Nxd6 Qc7 18. b3 Rd8 19. Nb5 Rxd2 20. Nxc7 Rxd1 21.
Rxd1 Rc6 22. Rd8+ Kg7 23. Ne8+ Kg8 24. Bh6 f5 25. Nf6+ Kf7 26. Rf8# 1-0

[Event "*** Titled Tuesday 3|2 Blitz"]
[Site "Chess.com"]
[Date "2017.05.02"]
[Round "2"]
[White "korason34"]
[Black "Sinquefield"]
[Result "0-1"]
[WhiteElo "2305"]
[BlackElo "2176"]
[TimeControl "180+2"]
[EndTime "13:19:13 PDT"]
[Termination "Sinquefield won by resignation"]

1. d4 d6 2. Nf3 f5 3. c4 Nf6 4. Nc3 g6 5. g3 Bg7 6. Bg2 O-O 7. O-O Nc6 8. d5 Na5 9. Nd2 c5 10. Rb1 b6 11. a3 Rb8 12. b4 Nb7 13. e4 f4 14. gxf4 Nh5 15. Ne2 Nxf4 16. Nxf4 Rxf4 17. Qc2 Qf8 18. Kh1 Be5 19. Nb3 Rh4 20.
f4 Bxf4 21. Bxf4 Rxf4 22. Rxf4 Qxf4 23. bxc5 Nxc5 24. Nxc5 dxc5 25. Rf1 Qe5 26. Qf2 Ba6 27. Qf7+ Kh8 28. Rf3 Bxc4 29. h4 b5 30. Rf2 b4 31. axb4 cxb4 32. Rc2 b3 33. Rxc4 b2 0-1

[Event "*** Titled Tuesday 3|2 Blitz"]
[Site "Chess.com"]
[Date "2017.05.02"]
[Round "2"]
[White "Hikaru"]
[Black "ChristopherYoo"]
[Result "1-0"]
[WhiteElo "2867"]
[BlackElo "2230"]
[TimeControl "180+2"]
[EndTime "13:19:14 PDT"]
[Termination "Hikaru won by resignation"]

1. b3 e5 2. Bb2 Nc6 3. c3 Nf6 4.
d4 d5 5. e3 Bf5 6. Bb5 exd4 7.
cxd4 Bxb1 8. Rxb1 Bb4+ 9. Kf1 O-O 10. Qc2 Qd6 11. Ne2 Ne4 12. Rd1 a6 13. Bd3 f5 14.
f3 Rae8 15. Bc1 g6 16. Kg1 Nf6 17. Qb2 Re7 18. a3 Ba5 19. b4 Bb6 20. Qc3 Rfe8 21. Kf2 Rf8 22. Qb3 Kg7 23. g3 Rfe8 24. Rhe1 Nd8 25.
Nf4 Nf7 26. a4 g5 27. Ng2 Nh6 28. a5 Ba7 29. b5 axb5 30. Ba3 c5 31. Bxb5 Rc8 32.
dxc5 Bxc5 33. Bb2 f4 34. Rxd5 fxe3+ 35. Ke2 Qe6 36. Rxg5+ Kf7 37. Bc4 Rd8 38. Bxe6+ Rxe6 39. Rxc5 Rd2+ 40. Kf1 Rf2+ 41. Kg1 Nd7 42. Rc7 Rd2 43.
Nf4 1-0

[Event "*** Titled Tuesday 3|2 Blitz"]
[Site "Chess.com"]
[Date "2017.05.02"]
[Round "2"]
[White "politeplayer"]
[Black "roldieyi"]
[Result "0-1"]
[WhiteElo "2085"]
[BlackElo "2080"]
[TimeControl "180+2"]
[EndTime "13:19:21 PDT"]
[Termination "roldieyi won by resignation"]

1. e4 c6 2. d4 d5 3. exd5 cxd5 4. c4 Nf6 5. Nc3 e6 6. Nf3 Be7 7. cxd5 exd5 8. Bd3 O-O 9. O-O a6 10. Bf4 b5 11. Re1 Bb7 12. Rc1 Nbd7 13. Bb1 Rc8 14.
Qd3 Re8 15. Ne5 Nf8 16. Qh3 b4 17. Ne2 Rxc1 18. Rxc1 Ng6 19. Bxg6 hxg6 20. Rc7 Bc8 21. Qh8+ Kxh8 22. Nxf7+ Kh7 23. Nxd8 Bxd8 24. Rxc8 Rxe2 25. Kf1 Re8 26. Ra8 a5 27. Ra7 Bb6 28. Rb7 Bxd4 29. b3 Ne4 30. f3 Nc3 31. g4 Nxa2 32. h3 Nc3 33. Kg2 Ne2 34. Bd6 Be5 35. Bc5 Nf4+ 36. Kf2 Nd3+ 0-1

[Event "*** Titled Tuesday 3|2 Blitz"]
[Site "Chess.com"]
[Date "2017.05.02"]
[Round "2"]
[White "scrapnel"]
[Black "MagnusCarlsen"]
[Result "0-1"]
[WhiteElo "2503"]
[BlackElo "2968"]
[TimeControl "180+2"]
[EndTime "13:19:31 PDT"]
[Termination "MagnusCarlsen won by resignation"]

1. Nf3 d5 2. d4 Nf6 3. c4 e6 4.
Nc3 a6 5. cxd5 exd5 6. Bf4 Bd6 7.
Bg3 Bf5 8. e3 O-O 9. Rc1 Re8 10.
Be2 c6 11. O-O Bxg3 12. hxg3 Nbd7 13. b4 Qe7 14. a3 b5 15. Nd2 a5 16. g4 axb4 17. axb4 Bg6 18. g5 Ne4 19. Ncxe4 dxe4 20. Rxc6 Qxg5 21. Rc7 Bf5 22. Qb3 Bh3 23. g3 h5 24.
Rfc1 h4 25. Kh2 Be6 26. Qc2 hxg3+ 27. fxg3 Nf6 28. Nf1 Ra2 29. Qd1 Qh5+ 0-1

[Event "*** Titled Tuesday 3|2 Blitz"]
[Site "Chess.com"]
[Date "2017.05.02"]
[Round "2"]
[White "gmcorrales"]
[Black "eldur16"]
[Result "0-1"]
[WhiteElo "2549"]
[BlackElo "2458"]
[TimeControl "180+2"]
[EndTime "13:19:33 PDT"]
[Termination "eldur16 won by resignation"]

1. e4 g6 2. d4 Bg7 3. Nc3 d6 4.
f4 a6 5. Nf3 b5 6. Bd3 Nd7 7. O-O c5 8. a4 b4 9. Ne2 Bb7 10. c3 bxc3 11. bxc3 e6 12. Be3 Ne7 13. Kh1 O-O 14. Ng3 Qc7 15. Rb1 Rab8 16. f5 exf5 17. exf5 Nd5 18. Bd2 c4 19. Bc2 Bc6 20. Rxb8 Rxb8 21.
Ng5 N7f6 22. N3e4 Re8 23. Qf3 Qd7 24. Qh3 h6 25. Nxf6+ Nxf6 26. fxg6 fxg6 27. Qxd7 Bxd7 28. Bxg6 hxg5 29. Bxe8 Nxe8 30. a5 g4 31. Rb1 Bb5 32. Re1 Kf7 33. Bg5 Nf6 34. Bf4 d5 35. Bd6 Ne4 36. Bb4 Bh6 37. Rf1+ Kg6 38. h3 Ng3+ 39. Kg1 Be3+ 40. Rf2 Ne4 0-1

[Event "*** Titled Tuesday 3|2 Blitz"]
[Site "Chess.com"]
[Date "2017.05.02"]
[Round "2"]
[White "Ilja_Semjonovs"]
[Black "heartofatiger"]
[Result "1-0"]
[WhiteElo "2236"]
[BlackElo "1562"]
[TimeControl "180+2"]
[EndTime "13:19:38 PDT"]
[Termination "Ilja_Semjonovs won by checkmate"]

1. d4 Nf6 2. Nf3 g6 3. Bg5 Bg7 4. Bxf6 Bxf6 5. c3 O-O 6. Nbd2 d6 7. e3 e5 8. Bd3 Qe7 9. Qc2 c6 10. O-O-O Nd7 11. h4 h5 12. dxe5 Nxe5 13. Nxe5 dxe5 14. Kb1 b5 15. Be4 Bd7 16. Nf3 Rab8 17. Ng5 Be8 18. f4 exf4 19. exf4 b4 20. c4 a5 21. g4 hxg4 22. h5 Bxg5 23. fxg5 Qxg5 24. hxg6 f5 25. Qh2 Bxg6 26. Qh8+ Kf7 27. Rh7+ Bxh7 28. Qxh7+ Kf6 29. Bxc6 Rbd8 30. Re1 Qd2 31. Qe7+ Kg6 32. Re6+ Kh5 33. Qh7+ Kg5 34. Qh6# 1-0

[Event "*** Titled Tuesday 3|2 Blitz"]
[Site "Chess.com"]
[Date "2017.05.02"]
[Round "2"]
[White "pawnwonder"]
[Black "Wolverine_master"]
[Result "1-0"]
[WhiteElo "1840"]
[BlackElo "1944"]
[TimeControl "180+2"]
[EndTime "13:19:42 PDT"]
[Termination "pawnwonder won on time"]

1. e4 d5 2. exd5 Qxd5 3. Nc3 Qd6 4. d4 Nf6 5. Nf3 a6 6. Be2 Nc6 7. O-O Bg4 8. Be3 O-O-O 9. Ng5 Be6 10. Nf3 h6 11. h3 g5 12. Na4 g4 13. hxg4 Bxg4 14. c3 Rg8 15. g3 Bh3 16. Bf4 Qd5 17. Nc5 Bxf1 18. Qxf1 Qf5 19. Bxa6 Qxf4 20. Bxb7+ Kb8 21. Qa6 Rxg3+ 22. Kf1 Na7 23. Ne5 Rd6 24. Bc6 Rg1+ 25. Kxg1 1-0

[Event "*** Titled Tuesday 3|2 Blitz"]
[Site "Chess.com"]
[Date "2017.05.02"]
[Round "2"]
[White "yurisolo"]
[Black "AkshatChandra"]
[Result "0-1"]
[WhiteElo "2496"]
[BlackElo "2755"]
[TimeControl "180+2"]
[EndTime "13:19:43 PDT"]
[Termination "AkshatChandra won by resignation"]

1. e4 e6 2. d4 d5 3. Nc3 Nf6 4.
e5 Nfd7 5. f4 c5 6. Nf3 Nc6 7. Be3 Be7 8. Qd2 b6 9. Be2 O-O 10. O-O f5 11. exf6 Nxf6 12. Bb5 Bd7 13. Bxc6 Bxc6 14. Ne5 Bb7 15. Rad1 Rc8 16. a3 Bd6 17. h3 a6 18. Qe2 Qe8 19. Kh2 c4 20.
Rde1 b5 21. Bd2 Rc7 22. Nd1 Ne4 23. Ba5 Bxe5 24. fxe5 Rcf7 25. Bb4 Rxf1 26. Rxf1 Rxf1 27. Qxf1 Qd8 28. Nc3 a5 29. Nxe4 dxe4 30. Bd6 Qe8 31.
Qf4 h6 32. g4 Qc6 33. Qe3 b4 34. axb4 axb4 35. Bxb4 Qa4 36. Qc3 e3 37. Qxe3 Qxb4 38.
b3 cxb3 39. cxb3 Bd5 40. Kg3 Qxb3 41. Kh2 Qxe3 0-1

[Event "*** Titled Tuesday 3|2 Blitz"]
[Site "Chess.com"]
[Date "2017.05.02"]
[Round "2"]
[White "TricksOnly"]
[Black "LawrenceTrent"]
[Result "0-1"]
[WhiteElo "2389"]
[BlackElo "2430"]
[TimeControl "180+2"]
[EndTime "13:19:44 PDT"]
[Termination "LawrenceTrent won by checkmate"]

1. e4 e5 2. Nf3 Nc6 3. Nc3 Nf6 4. a3 g6 5. Bc4 Bg7 6. d3 O-O 7. O-O d6 8. Ne2 Bg4 9. Ne1 d5 10. exd5 Nxd5 11. h3 Be6 12. Nf3 h6 13.
Ng3 Kh7 14. Re1 f5 15. Bd2 Qd7 16. Bb5 Qd6 17. Bxc6 bxc6 18. c4 Nf4 19. d4 Nd3 20.
dxe5 Qd7 21. Re2 Nxb2 22. Qc2 Nxc4 23. Bc3 Rfd8 24. Nd4 Bd5 25. e6 Qe7 26. Ndxf5 gxf5 27. Nxf5 Qg5 28. e7 Qxg2# 0-1

[Event "*** Titled Tuesday 3|2 Blitz"]
[Site "Chess.com"]
[Date "2017.05.02"]
[Round "2"]
[White "Vegan4future"]
[Black "PowerThinking2650"]
[Result "1-0"]
[WhiteElo "2298"]
[BlackElo "2186"]
[TimeControl "180+2"]
[EndTime "13:19:49 PDT"]
[Termination "Vegan4future won on time"]

1. e4 e5 2. Nf3 Nc6 3. Bc4 Nf6 4.
d3 Be7 5. O-O O-O 6. Re1 d6 7.
h3 Na5 8. Bb3 Nxb3 9. axb3 c5 10.
Nc3 Be6 11. Bg5 a5 12. Bxf6 Bxf6 13. Nd5 Bxd5 14. exd5 b5 15. c4 bxc4 16. bxc4 e4 17. dxe4 Bxb2 18. Ra2 Bc3 19. Re3 Bf6 20. e5 dxe5 21.
Nxe5 Bxe5 22. Rxe5 Re8 23. Qe1 Rxe5 24. Qxe5 Qb6 25.
Rb2 Qd8 26. d6 Qf6 27. Qd5 Rd8 28. Rd2 a4 29. Qxc5 h6 30. Qd5 a3 31. c5 Qf4 32.
g3 Qb4 33. Kg2 1-0